 Dungeon Crawl Stone Soup version 0.30-b1-2-g02819fbbbe (webtiles) character file.

Game seed: 12581288243667914008

141346 Arcadio the Warrior (level 17, 0/120 HPs)
             Began as a Gargoyle Fighter on May 5, 2023.
             Was a High Priest of Trog.
             Slain by a four-headed hydra (9 damage)
             ... while paralysed by a fenstrider witch
             ... on level 4 of the Swamp.
             The game lasted 03:17:12 (45191 turns).

Arcadio the Warrior (Gargoyle Fighter)             Turns: 45191, Time: 03:17:13

Health: 0/120      AC: 51    Str: 31    XL:     17   Next: 32%
Magic:  17/17      EV:  2    Int: 11    God:    Trog [*****.]
Gold:   2595       SH:  0    Dex: 11    Spells: 16/16 levels left

rFire   + . .        B - +3 morningstar (drain)
rCold   + . .        c - +0 buckler
rNeg    + . .        S - +4 crystal plate armour {rC+}
rPois   ∞            w - +2 helmet of Valiance {Str+5 Dex+2}
rElec   +            e - +0 cloak
rCorr   .            p - +0 pair of gloves
SInv    .            V - +0 pair of boots
Will    +....        (no amulet) Stlth
                     k - ring of protection from fire
HPRegen 0.40/turn    v - +4 ring of slaying
MPRegen 0.15/turn

%: clarity
@: paralysed, flying, studying Unarmed Combat
A: sickness immunity, AC +12, big wings, negative energy resistance 1,
electricity resistance, torment resistance 1, petrification resistance, clarity,
subdued magic 1
a: Renounce Religion, Berserk, Trog's Hand, Brothers in Arms


You were on level 4 of the Swamp.
You worshipped Trog.
Trog was extremely pleased with you.
You visited 6 branches of the dungeon, and saw 28 of its levels.
You also visited: Ice Cave and Volcano.

You collected 3203 gold pieces.
You spent 608 gold pieces at shops.

Inventory:

Hand Weapons
 t - a +0 morningstar of holy wrath
 B - a +3 morningstar of draining (weapon)
 C - a +6 dire flail
Missiles
 Z - 6 silver javelins (quivered)
Armour
 a - a +2 scale mail of willpower
 c - a +0 buckler (worn)
 e - a +0 cloak (worn)
 p - a +0 pair of gloves (worn)
 w - the +2 helmet of Valiance (worn) {Str+5 Dex+2}
   (You found it on level 2 of the Orcish Mines)

   Str:       It affects your strength (+5).
   Dex:       It affects your dexterity (+2).
 O - a +2 robe of resistance
 S - a +4 crystal plate armour of cold resistance (worn)
 U - a +0 kite shield
 V - a +0 pair of boots (worn)
 W - the +2 robe of Ygismapem {rCorr Str+3 Int-2}
   (You found it on level 14 of the Dungeon)

   Str:       It affects your strength (+3).
   Int:       It affects your intelligence (-2).
   rCorr:     It protects you from acid and corrosion.
Jewellery
 f - a ring of protection from cold
 k - a ring of protection from fire (left hand)
 q - a ring of fire
 s - a ring of positive energy
 v - a +4 ring of slaying (right hand)
 M - a ring of ice
Wands
 g - a wand of flame (31)
 n - a wand of paralysis (17)
 y - a wand of quicksilver (40)
 A - a wand of roots (15)
 D - a wand of mindburst (23)
 R - a wand of polymorph (7)
Scrolls
 h - 2 scrolls of fog
 r - 7 scrolls of identify
 u - 5 scrolls of teleportation
 x - 5 scrolls of vulnerability
 G - a scroll of torment
 H - 5 scrolls of immolation
 P - 2 scrolls of poison
 Q - 3 scrolls of summoning
 T - 3 scrolls of magic mapping
 Y - a scroll of fear
Potions
 d - 3 potions of might
 i - 2 potions of resistance
 j - 21 potions of curing
 l - 3 potions of haste
 m - 6 potions of lignification
 z - 4 potions of attraction
 E - 3 potions of berserk rage
 F - 8 potions of cancellation
 I - a potion of mutation
 K - 8 potions of ambrosia
 N - 4 potions of heal wounds
 X - a potion of invisibility
Miscellaneous
 b - a box of beasts
 o - a phantom mirror
 L - a lightning rod (4/4)


   Skills:
 + Level 18.7 Fighting
 + Level 17.0 Maces & Flails
 - Level 1.6 Ranged Weapons
 + Level 17.7 Armour
 - Level 2.0 Dodging
 - Level 1.3 Stealth
 + Level 10.2 Shields
 - Level 5.9 Evocations


You had 16 spell levels left.
You didn't know any spells.
Your spell library was empty.

Dungeon Overview and Level Annotations

Branches:
Dungeon (15/15) Zot: 24684  Temple (1/1) D:4 Zot: 5770    Lair (5/5) D:11 Zot: 20788
  Swamp (4/4) Lair:3 Zot: 19889  Spider (0/4) Lair:2        Slime (0/5) Lair:4
    Orc (2/2) D:10 Zot: 6474     Elf (1/3) Orc:2 Zot: 5995  Vaults (0/5) D:14
  IceCv (visited)         Volcano (visited)
 Depths: D:15

Altars:
Ashenzari
Cheibriados
Dithmenos
Elyvilon
Fedhas
Gozag
Hepliaklqana
Kikubaaqudgha
Makhleb
Nemelex Xobeh
Okawaru
Qazlal
Ru
Sif Muna
Trog
Uskayaw
Vehumet
Wu Jian
Xom
Yredelemnul
Zin
The Shining One

Shops:
D:9 :   D:13 *   Orc:1 (   Orc:2 *:!((

Annotations:
D:15 1 transporter, Boahovan's ghost, journeyman DsGl; Jorgrun
Lair:2 exclusion: oklob plant
Swamp:2 exclusion: oklob plant, Roxanne
Swamp:4 3 runed translucent doors, Flugkiller's ghost, adept MiFi; Nikola


Innate Abilities, Weirdness & Mutations

You are immune to sickness and miasma.
Your stone body is resilient. (AC +12)
You are immune to poison.
Your large and strong wings let you fly.
You resist negative energy. (rN+)
You are resistant to electric shocks. (rElec)
You are resistant to unholy torment.
You are immune to petrification.
You possess an exceptional clarity of mind.
Your spells are a little easier to cast, but a little less powerful.


Message History

Your body is wracked with pain!
The four-headed hydra bites you but does no damage. x4
The four-headed hydra attacks as you move away!
You block the four-headed hydra's attack. x3
The four-headed hydra completely misses you.
A six-headed hydra comes into view.
The four-headed hydra barely misses you.
The four-headed hydra bites you but does no damage. x3
The bog body touches you. The bog body freezes you! You resist.
The six-headed hydra roars!
The fenstrider witch casts a spell at you.
You suddenly lose the ability to move!
The bog body touches you but does no damage.
The four-headed hydra bites you but does no damage. x3
The four-headed hydra bites you.
The bog body touches you but does no damage.
The four-headed hydra bites you but does no damage. x2
The four-headed hydra bites you.
The four-headed hydra bites you but does no damage.
The fenstrider witch seems less drained.
The bog body gestures at you while chanting.
The bolt of cold hits you but does no damage.
The swamp dragon bites you!
* * * LOW HITPOINT WARNING * * *
The swamp dragon claws you but does no damage.
The swamp dragon tramples you but does no damage.
The four-headed hydra bites you but does no damage.
The four-headed hydra barely misses you.
The four-headed hydra bites you but does no damage. x2
You are engulfed in freezing vapours.
You resist.
* * * LOW HITPOINT WARNING * * *
The bog body gestures at you while chanting.
The bolt of cold hits you. You resist.
* * * LOW HITPOINT WARNING * * *
The swamp dragon bites you but does no damage.
The swamp dragon claws you.
* * * LOW HITPOINT WARNING * * *
The swamp dragon tramples you but does no damage.
The four-headed hydra bites you!
You die...

☼°~n~~. ♣♣~~§D§.~~~§§~..~.~
Z☼@~~~/ ♣~§~..~[~§~~..♣.
○n~~~~. ♣♣.~~<....~~.♣♣♣
t.~~§.~ ♣♣~~.~)~~~~~~~.♣
§~~~~~.♣♣♣♣♣♣.~~~...°.~~~~.♣
~~~~.♣♣♣§~~♣♣~~~.^....~§~~.♣
.....♣♣♣~♣~.~~..<~..♣....~[♣
♣♣..~~~.♣.~H♣♣~DD.~♣♣♣♣♣.§~~♣
R§.~~~§~~♣♣..♣@♣.~♣ ♣.~~.♣
.♣♣..~~...~~~nDH..♣ ♣♣..♣♣
♣~~~.§§.~~~~D..♣♣ ♣♣♣♣
♣.~.♣♣♣♣.~~.§♣♣♣ ♣♣♣♣ ♣♣♣♣♣♣♣


You could see a six-headed hydra, a four-headed hydra, 2 swamp dragons, a
fenstrider witch and a bog body.

Vanquished Creatures
  Mara (Swamp:4)
  A tentacled monstrosity (Swamp:2)
  4 thorn hunters
  A frost giant (IceCv)
  3 dire elephants
  3 eleionomae
  A bunyip (Swamp:4)
  3 minotaurs (D:11)
  An ettin (Orc:2)
  A fire dragon (Lair:5)
  The ghost of Nattefrost the Fighter, a journeyman DrFi of Ru (D:11)
  A great orb of eyes (D:14)
  3 shambling mangroves
  Josephine (D:10)
  4 vault guards (D:14)
  A ghost crab (Swamp:1)
  14 hydras
  A catoblepas (Lair:5)
  8 two-headed ogres
  5 centaur warriors
  A death knight (D:15)
  3 tengu warriors (D:14)
  11 alligators
  3 boulder beetles
  14 death yaks
  2 orc high priests (Orc:2)
  The ghost of MrCrawl the Black Sun, a novice DsNe of Kikubaaqudgha (Orc:2)
  A deep elf knight (Swamp:1)
  3 skysharks
  Lodul (D:14)
  A spriggan (Swamp:2)
  A skeletal warrior (D:14)
  2 goliath frogs (Swamp:1)
  A spriggan druid (Swamp:2)
  A phantasmal warrior (D:13)
  A deep elf archer (Swamp:1)
  2 lindwurms (Lair:5)
  3 orc knights
  A lindwurm (shapeshifter) (D:14)
  A bog body (Swamp:1)
  A wizard (D:14)
  A deep elf pyromancer (D:14)
  A swamp dragon (Swamp:4)
  5 orc sorcerers
  An oklob plant (Swamp:2)
  A necromancer (D:10)
  8 ugly things
  4 manticores
  3 will-o-the-wisps
  5 cyclopes
  10 elephants
  Joseph (D:8)
  An ice statue (IceCv)
  A black mamba (shapeshifter) (D:13)
  4 black mambas
  7 torpor snails
  7 gargoyles
  9 cane toads
  A rime drake (Lair:2)
  A kobold demonologist (D:13)
  An unseen horror (D:10)
  9 yaktaurs (D:11)
  Maggie (D:8)
  2 efreet
  A freezing wraith (D:14)
  Psyche (D:8)
  8 komodo dragons
  The ghost of dunno567 the Digger, a novice GrEE (D:4)
  6 trolls
  8 polar bears
  A queen bee (D:11)
  10 tyrant leeches
  A raiju (Swamp:1)
  17 hornets
  3 blink frogs (Lair:3)
  14 slime creatures
  2 jumping spiders (Lair:2)
  A vampire (D:11)
  52 yaks
  A shadow (D:11)
  9 wraiths
  4 wyverns
  5 basilisks
  9 vampire mosquitoes
  3 redbacks
  9 swamp worms
  2 wargs
  An acid dragon (D:8)
  14 water moccasins
  2 ice beasts (D:7)
  28 orc warriors
  6 swamp drakes
  2 black bears
  21 wolves
  10 ogres
  19 centaurs
  A phantom (D:5)
  2 kobold brigands
  Blork the orc (D:6)
  6 scorpions
  7 bullfrogs
  17 jellies
  14 wights
  A water moccasin skeleton (D:4)
  31 killer bees
  7 electric eels
  A howler monkey (D:7)
  A bullfrog zombie (D:4)
  24 orc priests
  4 hounds
  A sleepcap (D:5)
  A gnoll bouda (D:5)
  7 iguanas
  38 orc wizards
  Ijyb (D:5)
  A hell rat (Lair:1)
  2 polar bear simulacra (D:10)
  3 spriggan simulacra (D:13)
  4 troll simulacra (D:13)
  5 yak simulacra (D:10)
  2 wolf simulacra (D:10)
  14 gnolls
  A howler monkey skeleton (D:4)
  A naga simulacrum (D:13)
  7 adders
  2 shadow imps
  A white imp (D:6)
  2 ufetubi
  A worm (D:2)
  5 dart slugs
  88 orcs
  6 ball pythons
  2 endoplasms (D:1)
  A giant cockroach (D:3)
  8 hobgoblins
  3 jackals (D:3)
  3 quokkas (D:4)
  8 bats
  6 frilled lizards
  9 goblins
  18 kobolds
  3 rats (D:3)
  2 river rat simulacra (D:10)
841 creatures vanquished.

Vanquished Creatures (others)
  A goliath frog (Swamp:1)
  A swamp dragon (Swamp:1)
  A swamp drake (Swamp:4)
  24 foxfires
  27 fungi
  26 plants
  15 toadstools
95 creatures vanquished.

Grand Total: 936 creatures vanquished

Notes
Turn   | Place    | Note
-------+----------+-------------------------------------------
     0 | D:1      | Arcadio the Gargoyle Fighter began the quest for the Orb.
     0 | D:1      | Reached XP level 1. HP: 14/14 MP: 1/1
   124 | D:1      | Reached XP level 2. HP: 19/19 MP: 2/2
   217 | D:1      | Found a faded altar of an unknown god.
   318 | D:1      | Prayed at the altar of an unknown god.
   318 | D:1      | Became a worshipper of Trog the Wrathful
   318 | D:1      | Reached * piety under Trog
   858 | D:2      | Reached skill level 1 in Ranged Weapons
   892 | D:2      | Reached XP level 3. HP: 24/24 MP: 3/3
  1405 | D:2      | Reached XP level 4. HP: 29/29 MP: 4/4
  1798 | D:3      | Reached ** piety under Trog
  1799 | D:3      | Reached skill level 4 in Fighting
  2461 | D:3      | Reached XP level 5. HP: 33/33 MP: 5/5
  2647 | D:4      | Found a glowing golden altar of the Shining One.
  2731 | D:4      | Reached XP level 6. HP: 32/38 MP: 6/6
  2925 | D:4      | Reached *** piety under Trog
  3009 | D:4      | Found a runed translucent gate.
  3009 | D:4      | Found a runed translucent gate.
  3009 | D:4      | Found a runed translucent gate.
  3011 | D:4      | Noticed dunno567's ghost (novice GrEE)
  3104 | D:4      | Found a staircase to the Ecumenical Temple.
  3110 | Temple   | Entered the Ecumenical Temple
  3513 | D:5      | Entered Level 5 of the Dungeon
  3729 | D:4      | Reached skill level 5 in Maces & Flails
  3729 | D:4      | Reached XP level 7. HP: 18/44 MP: 7/7
  4115 | D:5      | Noticed Ijyb
  4133 | D:5      | Killed Ijyb
  4269 | D:5      | Reached skill level 5 in Armour
  4429 | D:5      | Noticed a komodo dragon
  4510 | D:6      | Reached skill level 1 in Dodging
  4546 | D:6      | Reached skill level 5 in Fighting
  4729 | D:6      | Reached XP level 8. HP: 49/49 MP: 8/8
  4961 | D:6      | Found a burning altar of Makhleb.
  5133 | D:6      | Noticed Blork the orc
  5144 | D:6      | Killed Blork the orc
  5471 | D:6      | Reached skill level 6 in Fighting
  5583 | D:7      | Noticed a wyvern
  6039 | D:7      | Killed a wyvern
  6220 | D:7      | Reached XP level 9. HP: 56/56 MP: 9/9
  6482 | D:7      | Reached skill level 1 in Stealth
  6691 | D:8      | Noticed Maggie
  6749 | D:8      | Noticed a hornet
  6755 | D:8      | Killed a hornet
  6780 | D:8      | Noticed Psyche
  7188 | D:8      | Reached skill level 7 in Fighting
  7205 | D:8      | Noticed Joseph
  7219 | D:8      | Found a flagged portal.
  7991 | D:9      | Noticed a green ugly thing
  8001 | D:9      | Killed a green ugly thing
  8002 | D:9      | Reached XP level 10. HP: 64/64 MP: 10/10
  8084 | D:9      | Found Issumaf's Tremendous Tomes.
  8269 | D:8      | Killed Psyche
  8270 | D:8      | Reached skill level 8 in Fighting
  8524 | D:8      | Noticed a gargoyle
  8581 | D:8      | Killed a gargoyle
  8929 | D:8      | Killed Joseph
  8930 | D:8      | Reached skill level 10 in Maces & Flails
  9472 | D:8      | Killed Maggie
  9695 | D:5      | Reached skill level 9 in Fighting
  9753 | D:5      | Found a stormy altar of Qazlal.
 10370 | D:10     | Entered Level 10 of the Dungeon
 10937 | D:10     | Reached skill level 10 in Armour
 11288 | D:10     | Reached XP level 11. HP: 53/72 MP: 11/11
 11379 | D:10     | Noticed Josephine
 11394 | D:10     | Killed Josephine
 11408 | D:10     | Reached skill level 10 in Fighting
 11499 | D:10     | Found a shimmering altar of Xom.
 11704 | D:10     | Reached **** piety under Trog
 12207 | D:10     | Noticed a necromancer
 12222 | D:10     | Killed a necromancer
 12803 | D:10     | Found a staircase to the Orcish Mines.
 13083 | Orc:1    | Entered Level 1 of the Orcish Mines
 13087 | Orc:1    | Noticed an orc sorcerer
 13102 | Orc:1    | Paralysed by an orc sorcerer for 4 turns
 13108 | Orc:1    | Killed an orc sorcerer
 13262 | Orc:1    | Found Piyje's Weapon Emporium.
 13276 | Orc:1    | Found a radiant altar of Vehumet.
 13326 | Orc:1    | Noticed a cyclops
 13503 | Orc:1    | Killed a cyclops
 13929 | Orc:1    | Noticed an orc knight
 14200 | Orc:1    | Killed an orc knight
 14674 | Orc:2    | Entered Level 2 of the Orcish Mines
 14674 | Orc:2    | Found a transporter.
 14681 | Orc:2    | Noticed MrCrawl's ghost (novice DsNe)
 14682 | Orc:2    | Noticed an ettin
 14683 | Orc:2    | Noticed a two-headed ogre
 14683 | Orc:2    | Noticed a two-headed ogre
 14687 | Orc:2    | Noticed a two-headed ogre
 14696 | Orc:2    | Noticed an orc knight
 14799 | Orc:2    | Killed an orc knight
 14800 | Orc:2    | Reached skill level 11 in Fighting
 15712 | Orc:2    | Noticed an orc sorcerer
 15725 | Orc:2    | Killed an orc sorcerer
 15726 | Orc:2    | Noticed an orc sorcerer
 15737 | Orc:2    | Gained mutation: You sometimes lose your temper in combat.
                  | [a neqoxec]
 15742 | Orc:2    | Paralysed by an orc sorcerer for 3 turns
 15757 | Orc:2    | Noticed a sixfirhy
 15811 | Orc:1    | Killed an orc sorcerer
 15812 | Orc:1    | Reached XP level 12. HP: 80/80 MP: 12/12
 15891 | Orc:2    | Found a transporter.
 16122 | Orc:2    | Noticed an orc high priest
 16124 | Orc:2    | Noticed a sun demon
 17360 | Orc:1    | You fall into a shaft and drop 1 floor!
 17489 | Orc:2    | Noticed an orc high priest
 18415 | Orc:2    | Found Zoruh's Distillery.
 18415 | Orc:2    | Found Xisaelen's Antique Weapon Shop.
 18416 | Orc:2    | Found Jur Hum's Book Boutique.
 18419 | Orc:2    | Found Estidd's General Store.
 18460 | Orc:2    | Bought a scroll of identify for 28 gold pieces
 18460 | Orc:2    | Bought a scroll of identify for 28 gold pieces
 18461 | Orc:2    | Bought a potion of ambrosia for 128 gold pieces
 18461 | Orc:2    | Bought a potion of haste for 160 gold pieces
 18461 | Orc:2    | Bought a potion of heal wounds for 80 gold pieces
 18461 | Orc:2    | Bought a potion of curing for 48 gold pieces
 18461 | Orc:2    | Bought a potion of ambrosia for 128 gold pieces
 18512 | Orc:2    | Killed an orc high priest
 18513 | Orc:2    | Reached skill level 12 in Fighting
 18577 | Orc:2    | Reached ***** piety under Trog
 18627 | Orc:2    | Found Hyasehil's Weapon Shop.
 18659 | Orc:2    | Found a staircase to the Elven Halls.
 18779 | Orc:2    | Paralysed by an orc sorcerer for 3 turns
 18785 | Orc:2    | Paralysed by an orc sorcerer for 2 turns
 18790 | Orc:2    | Paralysed by an orc sorcerer for 5 turns
 18815 | Orc:2    | Received a gift from Trog
 18968 | Elf:1    | Entered Level 1 of the Elven Halls
 18971 | Elf:1    | Noticed a deep elf knight
 19022 | Orc:2    | Killed an orc high priest
 19124 | D:11     | Noticed a death yak
 19124 | D:11     | Noticed a death yak
 19124 | D:11     | Found a staircase to the Lair.
 19785 | D:11     | Noticed a centaur warrior
 19790 | D:11     | Noticed a minotaur
 19791 | D:11     | Found a runed translucent gate.
 19791 | D:11     | Found a runed translucent gate.
 19791 | D:11     | Found a runed translucent gate.
 19821 | D:11     | Noticed Nattefrost's ghost (journeyman DrFi)
 19937 | D:11     | Reached skill level 1 in Evocations
 21274 | D:11     | Noticed a death yak
 21662 | D:11     | Reached XP level 13. HP: 79/87 MP: 13/13
 22277 | D:10     | Reached skill level 5 in Shields
 23345 | D:10     | Reached skill level 13 in Fighting
 23786 | Lair:1   | Entered Level 1 of the Lair of Beasts
 24402 | Lair:1   | Noticed a dire elephant
 25680 | Lair:2   | Found a hole to the Spider Nest.
 25780 | Lair:2   | Found a blossoming altar of Fedhas.
 26747 | Lair:3   | Found a dark tunnel.
 26765 | Volcano  | Entered a volcano
 27271 | Lair:3   | Reached skill level 14 in Fighting
 27965 | Lair:3   | Found a staircase to the Swamp.
 28209 | Lair:3   | Gained mutation: Your large and strong wings let you fly.
                  | [Gargoyle growth]
 28209 | Lair:3   | Reached XP level 14. HP: 96/96 MP: 14/14
 28840 | Lair:4   | Found a staircase to the Slime Pits.
 29075 | Lair:4   | Received a gift from Trog
 29370 | Lair:4   | Reached skill level 15 in Fighting
 29532 | Lair:4   | Lost mutation: You sometimes lose your temper in combat.
                  | [potion of mutation]
 29532 | Lair:4   | Gained mutation: Potions are less effective at restoring
                  | your health. [potion of mutation]
 29532 | Lair:4   | Gained mutation: You occasionally lose the ability to read
                  | scrolls when taking damage. [potion of mutation]
 29532 | Lair:4   | Gained mutation: You have a pair of small horns on your
                  | head. [potion of mutation]
 29533 | Lair:4   | Lost mutation: You have a pair of small horns on your head.
                  | [potion of mutation]
 29533 | Lair:4   | Lost mutation: Potions are less effective at restoring your
                  | health. [potion of mutation]
 29533 | Lair:4   | Gained mutation: You have sharp toenails. [potion of
                  | mutation]
 29533 | Lair:4   | Gained mutation: You expend magic power (3 MP) to
                  | strengthen your wands. [potion of mutation]
 29534 | Lair:4   | Lost mutation: You expend magic power (3 MP) to strengthen
                  | your wands. [potion of mutation]
 29534 | Lair:4   | Lost mutation: You occasionally lose the ability to read
                  | scrolls when taking damage. [potion of mutation]
 29534 | Lair:4   | Lost mutation: You have sharp toenails. [potion of
                  | mutation]
 29534 | Lair:4   | Gained mutation: You are occasionally teleported next to
                  | monsters. [potion of mutation]
 29534 | Lair:4   | Gained mutation: You have sharp fingernails. [potion of
                  | mutation]
 29535 | Lair:4   | Lost mutation: You are occasionally teleported next to
                  | monsters. [potion of mutation]
 29535 | Lair:4   | Lost mutation: You have sharp fingernails. [potion of
                  | mutation]
 29535 | Lair:4   | Gained mutation: Your spells are a little easier to cast,
                  | but a little less powerful. [potion of mutation]
 29535 | Lair:4   | Gained mutation: You possess an exceptional clarity of
                  | mind. [potion of mutation]
 30054 | Lair:5   | Entered Level 5 of the Lair of Beasts
 30256 | Lair:5   | Identified the +0 ring mail of Meager Knowledge {Rampage
                  | Drain +Blink}
 31033 | Lair:5   | Found a runed translucent door.
 31634 | Lair:5   | Reached skill level 15 in Armour
 31644 | Lair:5   | Reached skill level 16 in Fighting
 32010 | Lair:1   | Killed a dire elephant
 32400 | D:12     | Found an iron altar of Okawaru.
 33368 | D:12     | Reached XP level 15. HP: 105/105 MP: 15/15
 33567 | D:13     | Found a frozen archway.
 33719 | IceCv    | Entered an ice cave
 33754 | IceCv    | Reached skill level 15 in Maces & Flails
 33978 | IceCv    | Received a gift from Trog
 34165 | IceCv    | Noticed a frost giant
 34179 | IceCv    | Reached skill level 5 in Evocations
 34197 | IceCv    | Killed a frost giant
 35218 | D:13     | Found Lelippawk's CLEARANCE SALE!.
 35222 | D:13     | Bought a scroll of identify for 8 gold pieces
 35669 | D:14     | Found a gate to the Vaults.
 35751 | D:14     | Reached skill level 17 in Fighting
 36123 | D:14     | Identified the +2 robe of Ygismapem {rCorr Str+3 Int-2}
 36440 | D:14     | Found an ornate altar of the Wu Jian Council.
 36734 | D:14     | Noticed Lodul
 36751 | D:14     | Killed Lodul
 36885 | D:14     | HP: 1/107 [enormous slime creature (56)]
 37365 | D:15     | Entered Level 15 of the Dungeon
 37713 | D:13     | Received a gift from Trog
 38045 | D:15     | Noticed Boahovan's ghost (journeyman DsGl)
 38048 | D:15     | Found a bloodstained altar of Trog.
 38048 | D:15     | Found a transporter.
 38157 | D:15     | Noticed Jorgrun
 38496 | D:4      | Killed dunno567's ghost
 38722 | D:11     | Identified the +7 barding of Gaujumog {rPois rN+}
 38762 | D:11     | Reached XP level 16. HP: 90/112 MP: 16/16
 39436 | D:11     | Killed Nattefrost's ghost
 39811 | Orc:2    | Killed MrCrawl's ghost
 39906 | Orc:2    | Identified the +2 helmet of Valiance {Str+5 Dex+2}
 40141 | Swamp:1  | Entered Level 1 of the Swamp
 41147 | Swamp:1  | Reached skill level 18 in Fighting
 41803 | Swamp:1  | Noticed a thorn hunter
 41819 | Swamp:1  | Killed a thorn hunter
 42152 | Swamp:1  | Identified the +0 robe of Card Tricks {rPois}
 42429 | Swamp:2  | Noticed Roxanne
 42459 | Swamp:2  | Noticed a thorn hunter
 42766 | Swamp:2  | Killed a thorn hunter
 42789 | Swamp:2  | Noticed a thorn hunter
 42798 | Swamp:2  | Killed a thorn hunter
 43273 | Swamp:2  | Noticed a thorn hunter
 43282 | Swamp:2  | Killed a thorn hunter
 43338 | Swamp:2  | Reached XP level 17. HP: 102/120 MP: 17/17
 43413 | Swamp:2  | Noticed a tentacled monstrosity
 43429 | Swamp:2  | Killed a tentacled monstrosity
 44453 | Swamp:4  | Entered Level 4 of the Swamp
 44460 | Swamp:4  | Noticed Mara
 44579 | Swamp:4  | Killed Mara
 44580 | Swamp:4  | Reached skill level 10 in Shields
 44591 | Swamp:4  | Found a runed translucent gate.
 44592 | Swamp:4  | Found a runed translucent gate.
 44593 | Swamp:4  | Found a runed translucent gate.
 44601 | Swamp:4  | Noticed Flugkiller's ghost (adept MiFi)
 44858 | Swamp:4  | Paralysed by a fenstrider witch for 2 turns
 45117 | Swamp:4  | Noticed Nikola
 45166 | Swamp:4  | Paralysed by a fenstrider witch for 4 turns
 45179 | Swamp:4  | Paralysed by a fenstrider witch for 4 turns
 45188 | Swamp:4  | Paralysed by a fenstrider witch for 5 turns
 45191 | Swamp:4  | Slain by a four-headed hydra

Illustrated notes

Levels and vault maps discovered:
D:1:      ldierk_walled_garden, layout_basic,
          shapermc_ecumenical_altar_acropolis
D:2:      layout_loops_corners
D:3:      layout_loops_ring, hangedman_abyss_or_decor_lesser_grid
D:4:      layout_rooms, mainiacjoe_overflow_surrounded_room,
          minmay_temple_entry_fiery, gammafunk_ghost_necromancy, minivault_11
D:5:      kennysheep_big_flooded_room, layout_gridville,
          nicolae_qazlal_eye_of_the_storm, minmay_circle_x, uniq_ijyb
D:6:      layout_loops_cross, makhleb_heckhound_becter, uniq_blork_the_orc
D:7:      layout_basic
D:8:      layout_loops_ring, enter_bailey_3, uniq_psyche, uniq_maggie,
          uniq_joseph
D:9:      layout_big_octagon, grunt_ministairs_13, nicolae_shop_i_like_big_books
D:10:     layout_roguey, xom_teletrap_fun, erik_orc_2, eino_house_with_fridge,
          uniq_josephine
D:11:     fort_yaktaur, layout_basic, dpeg_lair_monsters,
          maelrawn_ghost_gauntlet_escape, special_room [special_room_bee],
          minmay_joined_circles
D:12:     layout_loops_ring, okawaru_metal_pillars_1_2
D:13:     layout_stronghold, portal_ice_cave_entry_ice_simulacra,
          nicolae_shop_clearance
D:14:     minmay_the_grid_four_pointed_star [minmay_the_grid_triangle_9x9_empty,
          minmay_the_grid_triangle_9x9_shrine,
          minmay_the_grid_triangle_9x9_zippers_horizontal,
          minmay_the_grid_triangle_9x9_empty, minmay_the_grid_prize_big_room],
          layout_irregular_city, lightli_vaults_fourway_checkpoint,
          pdpol_wu_jian_five_deadly_venoms, uniq_lodul
D:15:     grunt_enter_depths_giant_problem, layout_long_grid,
          minmay_door_square, gammafunk_ghost_wrathful_warriors, uniq_jorgrun
Temple:   mainiacjoe_temple_bowtie_tessellation
Lair:1:   layout_regular_city, nicolae_lair_lakeside_cave
Lair:2:   layout_gridlike, spider_nest_entry_a, tgw_fedhas,
          serial_bayou_shore_a, lemuel_fruit_fields
Lair:3:   layout_cave_pods, minmay_swamp_entry_reptiles,
          nicolae_volcano_entry_lava_flow
Lair:4:   layout_cellular_growth, minmay_slime_entry_jelly_boxes,
          serial_bayou_shore_b
Lair:5:   wormcave, layout_cave_pods, hibernation_bobbens
Swamp:1:  layout_basic_swamp, nicolae_swamp_fairy_circle, swamp_pool3,
          beargit_elvish_explorers
Swamp:2:  nicolae_swamp_phyte_club, layout_falls_marsh,
          evilmike_swamp_ruin_rubble_2, swamp_pool2, uniq_roxanne
Swamp:3:  layout_falls_marsh, serial_swamp_ruin, evilmike_swamp_ruin_house_1,
          evilmike_swamp_ruin_house_3, evilmike_swamp_ruin_house_6, swamp_pool5,
          nicolae_swamp_dense_foliage, infiniplex_staircase_pool
Swamp:4:  grunt_swamp_rune_castle, layout_basic_swamp,
          ebering_ghost_rock_garden, uniq_nikola, uniq_aizul, uniq_mara
Orc:1:    layout_caves, basic_altar, serial_shops, nicolae_square_shop
Orc:2:    st_orc_mages, layout_diamond_mine, basic_altar, gammafunk_ghost_smash,
          serial_shops, shop
Elf:1:    minmay_elf_arrival_plus, layout_rooms, orc_legates

Skill      XL: |  1  2  3  4  5  6  7  8  9 10 11 12 13 14 15 16 17 |
---------------+----------------------------------------------------+-----
Ranged Weapons | 1 |  1.6
Fighting       | 4 5 6 7 9 11 12 14 16 17 18 | 18.7
Armour         | 4 5 7 8 10 11 13 14 15 16 17 | 17.7
Maces & Flails | 3 4 5 6 7 9 10 12 13 14 15 16 17 | 17.0
Dodging        | 1 2 |  2.0
Stealth        | 1 |  1.3
Evocations     | 2 4 5 |  5.9
Shields        | 4 5 7 9 10 | 10.2

Action                     |  1- 3 |  4- 6 |  7- 9 | 10-12 | 13-15 | 16-18 || total
---------------------------+-------+-------+-------+-------+-------+-------++-------
  Melee: Flail             |    91 |   259 |    99 |       |       |       ||   449
         Morningstar       |       |       |   223 |  1058 |  1446 |   656 ||  3383
   Fire: Sling             |    15 |       |       |       |       |       ||    15
  Throw: Javelin           |       |       |       |     5 |       |       ||     5
         Throwing net      |       |       |       |       |     1 |       ||     1
 Invoke: Berserk           |       |     1 |    11 |    18 |    15 |     7 ||    52
         Trog's Hand       |       |       |     4 |     5 |       |       ||     9
  Evoke: Wand              |       |       |       |       |     1 |       ||     1
    Use: Scroll            |       |       |    13 |     8 |    18 |     3 ||    42
         Potion            |       |       |     3 |     5 |     6 |     4 ||    18
   Stab: Confused          |       |       |       |       |     2 |       ||     2
 Armour: Scale mail        |    57 |    10 |       |       |       |       ||    67
         Chain mail        |       |   154 |   200 |   593 |   644 |       ||  1591
         Plate armour      |       |       |       |   123 |       |       ||   123
         Crystal plate arm |       |       |       |       |   334 |   772 ||  1106
  Dodge: Dodged            |    36 |   104 |   147 |   422 |   433 |   195 ||  1337
  Block: Buckler           |    17 |    43 |    52 |   204 |   271 |   178 ||   765
